AoeStats
← LeginExelents

Arena

510609240Analyzed
2v2 RM · 19h ago on Oct 1, 2026· 54m 33s· 4 players
Game mode
Random Map
Map size
Medium (4 player)
Population
200
Speed
Normal
Resources
Standard
Victory
Conquest
Starting age
Dark Age
Ending age
Imperial Age
RankedLock teamsTeams togetherTeam positionsShared explorationLock speedFull tech treeHidden civsTurbo modeCheats
Victory
Defeat
🇹🇷 Britons · Türkiye
830
+14
🇦🇹 Bohemians · Austria
807
+16
🇩🇪 Spanish · Germany
801
-15
🇦🇲 Hindustanis · Armenia
787
-15
LeginExelents
4:26 Loom
10:55 Feudal Age
17:05 Castle Age
15:45 Stone Mining
15:45 Double-Bit Axe
17:05 Gold Mining
26:42 Horse Collar
27:53 Wheelbarrow
31:54 Imperial Age
30:41 Bow Saw
31:25 Husbandry
32:26 Ballistics
33:03 Conscription
32:20 Cavalier
33:31 Scale Barding Armor
35:07 Bloodlines
34:33 Light Cavalry
34:56 Elite Conquistador
37:34 Hand Cart
37:04 Hussar
38:45 Caravan
39:15 Coinage
39:27 Heavy Plow
40:30 Two-Man Saw
41:57 Paladin
44:07 Capped Ram
45:51 Chemistry
44:47 Murder Holes
45:02 Masonry
TMP1
4:38 Loom
11:51 Feudal Age
16:56 Castle Age
15:15 Double-Bit Axe
15:50 Horse Collar
19:04 Heavy Plow
20:25 Town Watch
25:16 Wheelbarrow
26:42 Bloodlines
26:36 Husbandry
26:01 Light Cavalry
27:41 Murder Holes
28:07 Ballistics
29:30 Bow Saw
29:40 Town Patrol
34:12 Imperial Age
31:38 Gold Mining
31:38 Stone Mining
32:03 Forging
31:59 Scale Barding Armor
31:45 Fletching
32:56 Fortified Wall
34:53 Heavy Camel Rider
36:13 Gold Shaft Mining
36:28 Chain Barding Armor
36:44 Iron Casting
37:00 Hoardings
38:12 Chemistry
37:18 Siege Engineers
38:26 Conscription
38:25 Imperial Camel Rider
44:04 Blast Furnace
43:41 Plate Barding Armor
45:56 Grand Trunk Road
46:08 Caravan
MSN>CBB
0:32 Loom
10:32 Feudal Age
11:49 Wheelbarrow
11:09 Double-Bit Axe
11:45 Horse Collar
21:00 Castle Age
19:23 Stone Mining
19:45 Gold Mining
21:18 Forging
22:22 Fletching
24:20 Bodkin Arrow
25:58 Caravan
33:21 Imperial Age
31:37 Padded Archer Armor
32:08 Bow Saw
32:04 Heavy Plow
32:32 Hand Cart
33:23 Gold Shaft Mining
32:51 Man-at-Arms
33:51 Leather Archer Armor
34:12 Iron Casting
33:46 Town Watch
35:00 Hoardings
34:35 Pikeman
39:35 Bracer
39:00 Halberdier
40:57 Two-Man Saw
40:58 Masonry
41:49 Chemistry
40:24 Light Cavalry
41:04 Husbandry
41:20 Warwolf
43:00 Elite Longbowman
47:21 Yeomen
47:22 Conscription
46:31 Heavy Scorpion
46:56 Long Swordsman
50:47 Architecture
50:38 Ballistics
Bo Binci
10:06 Loom
12:45 Feudal Age
17:52 Castle Age
17:42 Double-Bit Axe
17:41 Horse Collar
19:26 Heavy Plow
19:40 Bow Saw
25:35 Imperial Age
25:53 Chemistry
27:43 Ballistics
28:48 Two-Man Saw
29:04 Murder Holes
30:05 Conscription
30:19 Fortified Wall
33:52 Wheelbarrow
33:04 Town Watch
35:10 Elite Hussite Wagon
36:44 Pikeman
37:24 Squires
37:50 Hand Cart
37:57 Fletching
38:16 Siege Engineers
38:21 Masonry
38:41 Bodkin Arrow
38:57 Forging
43:26 Bracer
44:02 Iron Casting
43:27 Scale Mail Armor
43:28 Padded Archer Armor
43:34 Scale Barding Armor
44:01 Architecture
43:52 Bombard Tower
43:37 Town Patrol
50:17 Wagenburg Tactics
49:45 Sappers
51:43 Hussite Reforms
55:19 Blast Furnace
54:35 Chain Mail Armor
54:35 Leather Archer Armor
54:41 Chain Barding Armor
Connection lost

Rejoining the realm…

Still unreachable

The connection could not be restored.

Session expired

The server has moved on; the page needs a fresh start.